AoeStats
← tjcameron2011

Scandinavia

510367811Analyzed
1v1 RM · 13h ago on Sep 30, 2026· 89m 20s· 2 players
Game mode
Random Map
Map size
Tiny (2 player)
Population
200
Speed
Normal
Resources
Standard
Victory
Conquest
Starting age
Dark Age
Ending age
Imperial Age
RankedLock teamsTeams togetherTeam positionsShared explorationLock speedFull tech treeHidden civsTurbo modeCheats
Victory
Defeat
🇺🇸 Japanese · United States
601
+13
🇮🇹 Persians · Italy
538
-13
tjcameron2011
8:57 Loom
11:44 Feudal Age
13:20 Wheelbarrow
12:32 Double-Bit Axe
13:37 Fishing Lines
14:05 Town Watch
14:03 Horse Collar
16:28 Forging
21:53 Fletching
22:03 Padded Archer Armor
23:06 Scale Mail Armor
23:00 Gold Mining
23:01 Stone Mining
26:31 Castle Age
27:30 Hand Cart
26:59 Elite Skirmisher
28:23 Bow Saw
29:57 Squires
30:28 Gambesons
31:57 Pikeman
32:22 Arson
39:36 Leather Archer Armor
39:16 Bodkin Arrow
40:57 Thumb Ring
40:12 Crossbowman
42:21 Redemption
42:22 Fervor
44:08 Yasama
45:03 Treadmill Crane
45:44 Ballistics
45:34 Masonry
47:04 Gold Shaft Mining
47:09 Guard Tower
49:07 Town Patrol
51:02 Iron Casting
50:40 Murder Holes
53:58 Heavy Plow
54:29 Scale Barding Armor
54:39 Chain Mail Armor
60:45 Imperial Age
60:56 Halberdier
60:59 Capped Ram
62:49 Blast Furnace
62:20 Plate Mail Armor
61:52 Bracer
63:46 Onager
66:31 Ring Archer Armor
65:23 Arbalester
69:44 Two-Man Saw
71:55 Block Printing
72:57 Chemistry
71:43 Arrowslits
72:33 Keep
71:37 Demolition Ship
72:03 Elite Samurai
75:01 Kataparuto
78:26 Siege Engineers
Giais
0:28 Loom
11:33 Feudal Age
11:53 Fishing Lines
12:24 Double-Bit Axe
14:20 Wheelbarrow
13:32 Town Watch
13:54 Horse Collar
20:58 Man-at-Arms
23:58 Castle Age
22:17 Stone Mining
22:18 Gold Mining
30:38 Imperial Age
28:32 Heavy Plow
29:42 Gold Shaft Mining
29:43 Stone Shaft Mining
28:41 Pikeman
29:22 Squires
32:41 Hand Cart
32:27 Town Patrol
35:13 Conscription
35:49 Bow Saw
35:07 Long Swordsman
36:51 Citadels
36:13 Light Cavalry
40:42 Murder Holes
47:47 Gillnets
53:41 Elite War Elephant
54:23 Kamandaran
53:48 Halberdier
54:15 Crossbowman
55:25 Gambesons
56:27 Crop Rotation
59:40 Masonry
59:52 Ballistics
60:52 Two-Man Saw
60:10 Thumb Ring
62:16 Hussar
63:08 Bloodlines
62:59 Husbandry
64:12 Forging
64:03 Scale Mail Armor
64:08 Scale Barding Armor
63:54 Fletching
64:04 Padded Archer Armor
66:22 Arson
70:45 Devotion
74:00 Faith
76:48 Capped Ram
Connection lost

Rejoining the realm…

Still unreachable

The connection could not be restored.

Session expired

The server has moved on; the page needs a fresh start.